 Dungeon Crawl Stone Soup version 0.28-b1-78-gc65acfa365 (webtiles) character file.

Game seed: 13730795719112868847

580 DildoBatman the Conjurer (level 7, -1/46 (50) HPs)
             Began as a Formicid Conjurer on Feb 4, 2022.
             Slain by a gnoll (5 damage)
             ... on level 5 of the Dungeon.
             The game lasted 00:14:25 (3936 turns).

DildoBatman the Conjurer (Formicid Conjurer)        Turns: 3936, Time: 00:14:26

HP:   -1/46 (50)    AC:  2    Str: 11    XL:     7   Next: 63%
MP:   2/13          EV: 12    Int: 18    God:
Gold: 48            SH:  0    Dex: 11    Spells: 8/14 levels left

rFire   . . .      SeeInvis +   a - +4 hand axe
rCold   . . .      Faith    .   (no shield)
rNeg    . . .      Spirit   .   p - +0 robe
rPois   +          Reflect  .   (helmet unavailable)
rElec   .          Harm     .   (no cloak)
rCorr   .          Rampage  .   (no gloves)
Will    .....                   (no boots)
Stlth   ++........              r - amulet of regeneration
HPRegen 0.95/turn               t - ring of wizardry
MPRegen 0.13/turn               d - ring of poison resistance

@: drained
A: permanent stasis, dig shafts and tunnels, antennae 3, four strong arms
a: Dig, Shaft Self


You were on level 5 of the Dungeon.
You visited 1 branch of the dungeon, and saw 5 of its levels.

You collected 233 gold pieces.
You spent 185 gold pieces at shops.

Inventory:

Hand Weapons
 a - a +4 hand axe (weapon)
 b - a +0 hunting sling
Missiles
 e - 104 stones
 f - 5 poisoned darts
 g - 60 bolts
 m - a boomerang
 q - 132 arrows
 z - 4 javelins
Armour
 p - a +0 robe (worn)
Jewellery
 d - a ring of poison resistance (right hand)
 j - a ring of resist corrosion
 r - an amulet of regeneration (around neck)
 t - a ring of wizardry (left hand)
Scrolls
 h - a scroll of brand weapon
 i - a scroll of fear
 l - 2 scrolls of fog
 o - a scroll of amnesia
 v - a scroll of immolation {unknown}
 y - a scroll of enchant armour {unknown}
Potions
 c - a potion of resistance {unknown}
 k - 3 potions of flight {unknown}
 n - a potion of mutation {unknown}
 s - a potion of heal wounds {unknown}
 u - 5 potions of curing {unknown}
 w - 2 potions of haste {unknown}
 x - a potion of brilliance {unknown}


   Skills:
 - Level 2.0 Fighting
 - Level 2.0 Armour
 - Level 1.7 Dodging
 - Level 2.4 Stealth
 * Level 4.2 Spellcasting
 * Level 5.7 Conjurations
 * Level 3.1 Fire Magic


You had 8 spell levels left.
You knew the following spells:

 Your Spells              Type           Power      Damage    Failure   Level
a - Searing Ray           Conj           48%        2d6       1%          2
b - Conjure Flame         Conj/Fire      19%        6-21      2%          3
c - Magic Dart            Conj           96%        1d7       1%          1

Your spell library contained the following spells:

 Spells                   Type           Power      Damage    Failure   Level
 Dazzling Flash           Conj/Hex       28%        N/A       5%          3
 Sticky Flame             Conj/Fire      19%        2d4       9%          4
 Ignite Poison            Fire/Tmut/Pois 7%         N/A       12%         3
 Frozen Ramparts          Ice            6%         1d2       17%         3
 Fulminant Prism          Conj/Hex       7%         3d7       17%         4
 Iskenderun's Mystic Bla  Conj/Tloc      14%        2d5       17%         4
 Ice Form                 Ice/Tmut       3%         N/A       47%         4
 Summon Ice Beast         Ice/Summ       3%         N/A       47%         4


Dungeon Overview and Level Annotations

Branches:
Dungeon (5/15)
 Temple: D:4-7

Altars:

Shops:
D:2 (:([?   D:3 *

Annotations:
D:4 Menkaure


Innate Abilities, Weirdness & Mutations

You cannot be hasted, slowed, berserked, paralysed or teleported.
You can dig through walls and to a lower floor.
You have a pair of large antennae on your head. (SInv)
Your four strong arms can wield two-handed weapons with a shield.


Message History

The gnoll is severely wounded.
The gnoll barely misses you.
You closely miss the gnoll.
The gnoll is severely wounded.
The gnoll barely misses you.
You barely miss the gnoll shaman.
The gnoll shaman is severely wounded.
The gnoll shaman hits you with a +0 whip!
You hit the gnoll shaman.
The gnoll shaman is severely wounded.
The gnoll shaman barely misses you.
You hit the gnoll shaman but do no damage.
The gnoll shaman is severely wounded.
The gnoll shaman calls upon its god to speed up the gnoll.
The gnoll seems to speed up.
You barely miss the gnoll shaman.
The gnoll shaman is severely wounded.
The gnoll shaman hits you but does no damage. x2
You hit the gnoll shaman but do no damage.
The gnoll shaman is severely wounded.
The gnoll shaman closely misses you.
You hit the gnoll shaman.
The gnoll shaman is almost dead.
The gnoll shaman hits you with a +0 whip!
You hit the gnoll shaman but do no damage.
The gnoll shaman is almost dead.
The gnoll shaman hits you with a +0 whip!
You hit the gnoll shaman.
You kill the gnoll shaman!
The gnoll hits you with a +0 flail of draining!
You feel drained.
You barely miss the gnoll.
The gnoll is severely wounded.
The gnoll barely misses you.
The gnoll hits you with a +0 flail of draining!
You feel drained.
You hit the gnoll but do no damage.
The gnoll is severely wounded.
The gnoll hits you with a +0 flail of draining.
You die...

...... (.... #+####(.#
#.......########
#.(..(...g.†...###
...........#.##..#
##.......#)##..########.
#.......#g##...........
#.......#@##...###.####
#..[............#
#...............#
#.......#.##....##.#
#.......#.##.......#
#.......#...........
#####+###.#..#.>##.#
###................
...........##.##.##


You could see a gnoll (fast).

Vanquished Creatures
  An ogre (D:3)
  A centaur (D:4)
  A water moccasin zombie (D:5)
  A hound (D:4)
  A gnoll shaman (D:5)
  A centaur skeleton (D:4)
  An iguana (D:4)
  A howler monkey skeleton (D:4)
  7 gnolls
  6 adders
  An ufetubus (D:5)
  An adder skeleton (D:2)
  3 worms
  2 dart slugs
  9 orcs
  4 endoplasms
  2 giant cockroaches
  8 goblins
  4 hobgoblins
  12 jackals
  5 kobolds
  3 quokkas
  7 ball pythons
  7 bats
  4 frilled lizards
  4 rats
97 creatures vanquished.

Notes
Turn   | Place    | Note
-------+----------+-------------------------------------------
     0 | D:1      | DildoBatman the Formicid Conjurer began the quest for the
                  | Orb.
     0 | D:1      | Reached XP level 1. HP: 13/13 MP: 3/3
    78 | D:1      | Found a faded altar of an unknown god.
   222 | D:1      | Reached XP level 2. HP: 19/19 MP: 0/5
   235 | D:1      | Reached skill level 4 in Conjurations
   273 | D:1      | Learned a level 2 spell: Searing Ray
   420 | D:1      | Reached XP level 3. HP: 22/24 MP: 2/6
   667 | D:2      | Found Tebuomm's Book Shoppe.
   696 | D:2      | Found Horaad's Armour Shop.
   862 | D:2      | Found Meteuc's Magic Scroll Shop.
   871 | D:2      | Bought a scroll of identify for 26 gold pieces
   983 | D:2      | Reached XP level 4. HP: 28/31 MP: 7/7
   990 | D:2      | Found Odasegg's Antique Weapon Shop.
  1115 | D:2      | Reached skill level 1 in Armour
  1242 | D:2      | Found Cecafor's Weapon Shoppe.
  1279 | D:2      | Reached skill level 1 in Fighting
  1295 | D:2      | Learned a level 3 spell: Conjure Flame
  1874 | D:3      | Reached XP level 5. HP: 35/37 MP: 2/9
  2154 | D:3      | Found Gudiutumm's Assorted Antiques.
  2162 | D:3      | Bought a scroll labelled POCLOA TASOCW for 26 gold pieces
  2162 | D:3      | Bought a glowing golden potion for 23 gold pieces
  2188 | D:3      | Reached skill level 1 in Fire Magic
  2416 | D:2      | Bought a scroll of identify for 26 gold pieces
  2416 | D:2      | Bought a scroll of identify for 26 gold pieces
  2418 | D:2      | Bought a scroll of noise for 13 gold pieces
  2474 | D:4      | Reached skill level 5 in Conjurations
  2474 | D:4      | Reached XP level 6. HP: 40/44 MP: 2/10
  2608 | D:4      | Noticed Menkaure
  2745 | D:4      | Noticed an ogre
  2836 | D:3      | Killed an ogre
  3275 | D:4      | Reached XP level 7. HP: 7/50 MP: 7/12
  3545 | D:2      | Bought a scroll of fear for 45 gold pieces
  3613 | D:5      | Entered Level 5 of the Dungeon
  3935 | D:5      | HP: 2/46 [gnoll (1)]
  3936 | D:5      | Slain by a gnoll

Illustrated notes

Levels and vault maps discovered:
D:1:      minmay_arrival_stair_chambers, layout_rooms,
          shapermc_ecumenical_altar_pompeii
D:2:      layout_basic, serial_shops, shop, shop, nicolae_shop_behind_doors,
          nicolae_shop_competitors_out_of_business, shop
D:3:      layout_basic, serial_shops,
          nicolae_shop_temple_entry_statues_fountains
D:4:      layout_gridville, serial_glass, glass_columns_a, glass_columns_a,
          glass_columns_a, glass_columns_c, glass_columns_a, glass_columns_a,
          glass_columns_b, glass_columns_a, uniq_menkaure
D:5:      layout_basic, mainiacjoe_overflow_alcove_2, serial_shops, shop

Skill      XL: |  1  2  3  4  5  6  7 |
---------------+----------------------+-----
Conjurations   | 4 5 |  5.7
Armour         | 1 2 |  2.0
Fighting       | 1 2 |  2.0
Fire Magic     | 1 2 3 |  3.1
Spellcasting   | 3 4 |  4.2
Dodging        | |  1.7
Stealth        | |  2.4

Action                   |  1- 3 |  4- 6 |  7- 9 || total
-------------------------+-------+-------+-------++-------
Melee: Dagger            |    43 |    47 |       ||    90
       Mace              |     3 |     5 |       ||     8
       Hand axe          |       |     1 |    25 ||    26
 Fire: Hunting sling     |       |    40 |    29 ||    69
 Cast: Magic Dart        |    26 |    10 |     1 ||    37
       Searing Ray       |     4 |    23 |     9 ||    36
 Abil: Dig               |       |       |     1 ||     1
  Use: Scroll            |       |     4 |     1 ||     5
 Stab: Sleeping          |     2 |     1 |       ||     3
Armor: Robe              |     7 |    19 |    12 ||    38
Dodge: Dodged            |    36 |    51 |    29 ||   116
